Markus, neutral male human Wizard ---- --..| --- |...| ---.. --- --- --..- |.....--..---------- |. |....--- |...(..............------------------ |.----.--...| -.....)..%.%........................| |.||...||.-.| |... ---....----.<...---- ------ --- |.--.---|...| - -- --...-- --...-- ..| |....| |.@.| --...-- --..| -.---..--- |...| ---..| --.| |......| |...| |..| --- --....-- |...| -..- ......- |..-- ....... -....... |.>| ........... --.....| --.| ..........--- --....| |.| -.......--- --..-- |.- --..|..-- |..| |. ------- ---- -- Markus the Conjurer Experience level: 5 Strength: 11 Dexterity: 10 Constitution: 17 Intelligence: 18 Wisdom: 11 Charisma: 8 Health: 0(41) Energy: 42(64) Def: 7 Gold: 580 Moves: 2629 Dungeon seed: uCiU8o-Su-86BVGC Game ID: Markus_1574336798 Your Inventory: Coins $ - 580 gold pieces Weapons a - a blessed +1 quarterstaff (weapon in hands) r - a +0 orcish dagger u - a +0 crossbow A - a +0 crossbow B - 11 +0 crossbow bolts M - a +0 elven dagger Armor e - an uncursed +0 cloak of magic resistance (being worn) v - a blessed +0 leather armor (being worn) y - an uncursed +0 pair of jumping boots O - an uncursed +1 pair of iron shoes (being worn) Y - an uncursed +0 orcish helm (being worn) Comestibles s - an uncursed pear Q - an uncursed food ration Scrolls i - an uncursed scroll of identify j - an uncursed scroll of light T - an uncursed scroll of blank paper Spellbooks k - a blessed spellbook of force bolt l - an uncursed spellbook of knock Potions f - an uncursed potion of oil g - an uncursed potion of see invisible h - an uncursed potion of fruit juice t - a blessed potion of speed J - an uncursed potion of speed W - an uncursed potion of water Rings c - an uncursed ring of polymorph d - an uncursed ring of conflict C - an uncursed ring of fire resistance (on left hand) Wands b - a wand of magic missile (0:4) G - a wand of create monster (0:15) K - a wand of striking (0:7) Tools D - 7 uncursed tallow candles (0:200) I - an uncursed tin whistle Gems n - an uncursed worthless piece of white glass z - an uncursed worthless piece of black glass F - an uncursed obsidian stone H - an uncursed chrysoberyl stone L - 2 uncursed dilithium crystals N - an uncursed worthless piece of red glass Spells and supernatural/magical abilities: Name Level Category Fail Memory a - force bolt 1 attack 4% 87% k - knock 1 matter 4% 87% W - pray for help -- divine ? -- Your skills at the end: Fighting Skills Weapon Skills quarterstaff [Basic] Spellcasting Skills attack spells [Basic] enchantment spells [Basic] Final Attributes: You were piously aligned. You were fire resistant. You were magic-protected. You had wounded legs. You are dead. Vanquished creatures: a rock piercer 2 gnome lords a gnomish wizard a paper golem 3 dwarves 5 dwarf zombies a werejackal an iguana a hobbit 3 green molds a red mold 16 gnomes a gecko 8 jackals a fox a kobold 2 goblins a sewer rat a grid bug a bat 4 lichens 3 kobold zombies 7 newts 66 creatures vanquished. Voluntary challenges: You used a wielded weapon 42 times, starting on turn 90. You read items or engraved 3 times, starting on turn 851. You never genocided any monsters. You never polymorphed an object. You never changed form. You used no wishes. You never split a pudding. You never wrote Elbereth's name. You never violated your personal moral code. Dungeon overview: The Dungeons of Doom: levels 1 to 5 Level 1 a fountain a long staircase Level 2 an armor shop Level 3 some fountains Level 4 stairs to The Gnomish Mines Level 5 some altars to Ptah and Anhur The Gnomish Mines: levels 5 to 6 Level 5 stairs to The Dungeons of Doom Level 6 <- You were here History has recorded: On T:1 you entered the Dungeons of Doom to retrieve the Amulet of Yendor! On T:354 you reached level 2 of The Dungeons of Doom. On T:828 you advanced to experience level 2. On T:906 you reached level 3 of The Dungeons of Doom. On T:1350 you advanced to experience level 3. On T:1377 you reached level 4 of The Dungeons of Doom. On T:1621 you reached level 5 of The Dungeons of Doom. On T:1931 you advanced to experience level 4. On T:2151 you reached level 1 of The Gnomish Mines. On T:2237 you advanced to experience level 5. On T:2560 you reached level 2 of The Gnomish Mines. Score breakdown: Gold: 580 ( 9402 points) Experience: 5 levels (11141 points) Exploration: 6 levels ( 12.00%) ( 9583 points) Discoveries: 7 items ( 2.42%) ( 4668 points) Valuables value: (no points given unless you survive) Artifact value: 0 ( 0 points) Variety of kills: 23 monsters ( 6.04%) ( 7370 points) Turncount: 2629 turns ( -404 points) Survival: died (score multiplied by 80%) Total score: 33408 Latest messages: The spell hits the gnome lord! You kill the gnome lord! You kill the gnome! You miss the hobbit. The hobbit thrusts his dagger. The hobbit misses. The gnome king hits! You fail to cast the spell correctly. The hobbit thrusts his dagger. The hobbit just misses! The spell hits the gnome king! The spell misses the dwarf. The gnome king hits! As you read the scroll, it disappears. You see here a clear potion. W - a clear potion. You stop running. KAABLAMM!!! You triggered a land mine! Your movements are slowed slightly because of your load. You die... Final status: Goodbye Markus the Wizard, killed by a land mine... You died in The Gnomish Mines on dungeon level 6 with 33408 points, and 580 pieces of gold, after 2629 moves. You were level 5 with a maximum of 41 hit points when you died.